 Dungeon Crawl Stone Soup version 0.19-a0-1895-g783e625 (webtiles) character file.

4705 Amnesiac the Grappler (level 10, -3/100 HPs)
             Began as a Troll Berserker on Oct 18, 2016.
             Was an Elder of Trog.
             Slain by Erolcha
             ... wielding a +4 giant club
              (19 damage)
             ... on level 10 of the Dungeon.
             The game lasted 00:06:31 (2970 turns).

Amnesiac the Grappler (Troll Berserker)             Turns: 2970, Time: 00:06:31

Health: -3/100     AC:  5    Str: 36    XL:     10   Next: 21%
Magic:  9/9        EV: 13    Int:  7    God:    Trog [****..]
Gold:   403        SH:  0    Dex: 12    Spells: 0 memorised, 9 levels left

rFire  . . .     SeeInvis .       - Unarmed
rCold  + . .     Gourm    +     a - +0 animal skin
rNeg   . . .     Faith    .     (no shield)
rPois  .         Spirit   .     (helmet restricted)
rElec  .         Reflect  .     (no cloak)
rCorr  .         Harm     .     (gloves unavailable)
MR     .....                    (boots unavailable)
Stlth  +.........               (no amulet)
                                o - ring of protection from cold
                                v - ring of Sunlight {+Fly Str+9 Int+4}

@: exhausted
A: unfitting armour, claws 3, fast metabolism 3, gourmand, regeneration 1,
shaggy fur 1, tough skin 2
a: Berserk, Trog's Hand, Brothers in Arms, Burn Spellbooks, Renounce Religion,
Evoke Flight


You were on level 10 of the Dungeon.
You worshipped Trog.
Trog was greatly pleased with you.
You were completely stuffed.

You visited 1 branch of the dungeon, and saw 10 of its levels.

You collected 403 gold pieces.

Inventory:

Missiles
 e - 7 javelins (quivered)
Armour
 a - a +0 animal skin (worn)
 C - a +1 robe of cold resistance
Jewellery
 f - an uncursed ring of ice
 o - a ring of protection from cold (right claw)
 v - the ring of Sunlight (left claw) {+Fly Str+9 Int+4}
   (You found it on level 8 of the Dungeon)

   [ring of flight]

   It affects your strength (+9).
   It affects your intelligence (+4).
   It lets you fly.
Wands
 q - a wand of paralysis (11/24)
 y - a wand of lightning (10/15)
 A - a wand of flame (23/48)
 B - a wand of iceblast (5/15)
Scrolls
 d - 2 scrolls of enchant armour {unknown}
 h - 3 scrolls of remove curse {unknown}
 j - a scroll of fog {unknown}
 l - a scroll of immolation {unknown}
 m - 3 scrolls of identify {unknown}
 n - 2 scrolls of blinking {unknown}
 p - a scroll of teleportation {unknown}
 u - a scroll of torment {unknown}
 w - a scroll of random uselessness {unknown}
Potions
 i - a potion of might {unknown}
 k - a potion of lignification {unknown}
 s - a potion of resistance {unknown}
 x - a potion of cure mutation {unknown}
 z - 2 potions of curing {unknown}
 D - a potion of heal wounds
Books
 r - a book of Flames

   Spells                             Type                      Level
   a - Flame Tongue                   Conjuration/Fire             1
   b - Throw Flame                    Conjuration/Fire             2
   c - Conjure Flame                  Conjuration/Fire             3
   d - Inner Flame                    Hexes/Fire                   3
   e - Sticky Flame                   Conjuration/Fire             4
   f - Fireball                       Conjuration/Fire             5
   Trog disapproves of the use of such an item.
 t - a book of Cantrips

   Spells                             Type                      Level
   a - Confusing Touch                Hexes                        1
   b - Animate Skeleton               Necromancy                   1
   c - Summon Small Mammal            Summoning                    1
   d - Apportation                    Translocation                1
   Trog disapproves of the use of such an item.
Comestibles
 b - 3 bread rations
 c - a fruit
 g - a meat ration


   Skills:
 + Level 6.8 Fighting
 + Level 6.9 Dodging
 - Level 10.8 Unarmed Combat


You had 9 spell levels left.
You didn't know any spells.

Dungeon Overview and Level Annotations

Branches:
Dungeon (10/15)            Temple (0/1) D:5            Lair (0/6) D:9
    Orc: D:9-12

Altars:
Beogh

Annotations:
D:10 Erolcha, Harold


Innate Abilities, Weirdness & Mutations

You are too large for most types of armour.
You have claws for hands.
Your metabolism is lightning-fast.
You like to eat raw meat.
Your natural rate of healing is unusually fast.
You are covered in fur. (AC +1)
You have very tough skin. (AC +2)


Message History

You claw Harold!
Harold is heavily wounded.
Harold misses you.
You scratch Harold.
Harold is heavily wounded.
You feel yourself speed up.
Harold hits you with a flail of crushing!
You scratch Harold but do no damage.
Harold is heavily wounded.
Harold points at you and mumbles some strange words.
The bolt of fire hits you!
* * * LOW HITPOINT WARNING * * *
Erolcha shouts!
You scratch Harold.
Harold is heavily wounded.
Harold hits you with a flail of crushing!
* * * LOW HITPOINT WARNING * * *
x2
Okay, then.
Erolcha hits you with an enchanted giant club!!
You die...

#._......'...#..
#........## .#l..
#........# ..l..
######'### #....
#..# #....#### ##.#
#..$.. #####'###
####..# #.O.....###
#......
#.#@#.#.'.####((....
#.#.#.#....'.)....
#@###.######..(...
#.....# #......
####### #......
#..@... ###'### #..
##.#


You could see Harold and Erolcha.

Vanquished Creatures
  Fannar (D:10)
  Joseph (D:7)
  A komodo dragon (D:9)
  2 hippogriffs
  2 hungry ghosts
  7 orc warriors
  A sky beast (D:6)
  An ice beast (D:8)
  An ogre (D:8)
  A phantom (D:8)
  3 bullfrogs
  A wyvern skeleton (D:10)
  A scorpion (D:5)
  8 wights
  10 crimson imps
  4 hounds
  A bullfrog zombie (D:8)
  7 orc wizards
  6 orc priests
  A bullfrog skeleton (D:7)
  Terence (D:2)
  4 worker ants
  2 hound skeletons
  Robin (D:3)
  4 gnolls (D:3)
  An ooze (D:3)
  An adder skeleton (D:10)
  An adder zombie (D:5)
  A worm (D:4)
  2 dart slugs
  A leopard gecko (D:5)
  37 orcs
  A bat (D:3)
  4 giant cockroaches
  11 goblins
  3 hobgoblins
  11 jackals
  A quokka (D:4)
  A ball python (D:8)
  3 kobolds
  2 rats (D:1)
  A plant (D:9)
154 creatures vanquished.

Notes
Turn   | Place    | Note
-------+----------+-------------------------------------------
     0 | D:1      | Amnesiac the Troll Berserker began the quest for the Orb.
     0 | D:1      | Reached XP level 1. HP: 22/22 MP: 0/0
    46 | D:1      | Reached XP level 2. HP: 29/29 MP: 1/1
   234 | D:3      | Noticed Robin
   242 | D:2      | Reached skill level 4 in Unarmed Combat
   267 | D:2      | Noticed Terence
   275 | D:2      | Killed Terence
   275 | D:2      | Reached XP level 3. HP: 32/36 MP: 2/2
   368 | D:3      | Reached XP level 4. HP: 38/44 MP: 3/3
   370 | D:3      | Reached skill level 5 in Unarmed Combat
   382 | D:3      | Killed Robin
   383 | D:3      | Reached ** piety under Trog
   399 | D:3      | Reached XP level 5. HP: 49/50 MP: 4/4
   406 | D:3      | Reached skill level 6 in Unarmed Combat
   559 | D:4      | Reached XP level 6. HP: 59/59 MP: 5/5
   575 | D:4      | Reached skill level 7 in Unarmed Combat
   643 | D:5      | Entered Level 5 of the Dungeon
   740 | D:5      | Found a staircase to the Ecumenical Temple.
   749 | D:5      | Reached skill level 8 in Unarmed Combat
   749 | D:5      | Reached XP level 7. HP: 66/66 MP: 6/6
   906 | D:7      | Noticed Joseph
  1073 | D:7      | Reached *** piety under Trog
  1078 | D:7      | Reached skill level 9 in Unarmed Combat
  1193 | D:7      | Killed Joseph
  1193 | D:7      | Reached skill level 10 in Unarmed Combat
  1193 | D:7      | Reached XP level 8. HP: 16/74 MP: 7/7
  1339 | D:8      | Got a scorched pewter ring
  1340 | D:8      | Identified the ring of Sunlight {+Fly Str+9 Int+4} (You found it on level 8 of the Dungeon)
  1688 | D:8      | Noticed a hippogriff
  1700 | D:8      | Killed a hippogriff
  1700 | D:8      | Reached XP level 9. HP: 80/84 MP: 8/8
  1968 | D:8      | Reached **** piety under Trog
  2205 | D:8      | Reached skill level 5 in Fighting
  2205 | D:8      | Reached skill level 5 in Dodging
  2440 | D:9      | Found a staircase to the Lair.
  2441 | D:9      | Noticed a komodo dragon
  2453 | D:9      | Killed a komodo dragon
  2507 | D:10     | Entered Level 10 of the Dungeon
  2533 | D:10     | Noticed Erolcha
  2725 | D:10     | Found a roughly hewn altar of Beogh.
  2917 | D:10     | Noticed Fannar
  2930 | D:10     | Killed Fannar
  2930 | D:10     | Reached XP level 10. HP: 100/100 MP: 9/9
  2946 | D:10     | Noticed Harold
  2970 | D:10     | Slain by Erolcha

Vault maps used:
D:1:      scummos_arrival_forest, nemelex_altar_shiori
D:2:      fedhas_altar_2, uniq_natasha, uniq_crazy_yiuf_cottage, uniq_terence
D:3:      first_bread, serial_bayou_ford_a, uniq_robin
D:5:      grunt_ministairs_13, kennysheep_generic_room_2
D:6:      lightli_corner_chamber, uniq_pikel
D:7:      uniq_joseph
D:8:      minmay_nine_imps
D:9:      yredelemnul_forgotten_temple_becter,
          gammafunk_temple_overflow_forgotten, kennysheep_mini,
          david_lair_shrubbed, the_bakery, hangedman_decor_opposing
D:10:     minmay_misc_feat_cross, lemuel_tele_altar, uniq_harold, uniq_erolcha,
          uniq_maurice, uniq_fannar

Skill      XL: |  1  2  3  4  5  6  7  8  9 |
---------------+----------------------------+-----
Unarmed Combat | 4 5 6 8 10 | 10.8
Fighting       | 3 6 |  6.8
Dodging        | 4 6 |  6.9

Action                   |  1- 3 |  4- 6 |  7- 9 | 10-12 || total
-------------------------+-------+-------+-------+-------++-------
Melee: Unarmed           |    36 |    76 |   254 |    11 ||   377
       Punch             |     1 |     1 |    21 |       ||    23
Invok: Berserk           |       |     1 |     6 |       ||     7
  Eat: Chunk             |     9 |     4 |    35 |     1 ||    49
Armor: Animal skin       |     4 |    22 |   107 |     2 ||   135
Dodge: Dodged            |    18 |    43 |   205 |     8 ||   274
